 Dungeon Crawl Stone Soup version 0.31.0-9-g3a7656b989 (webtiles) character file.

Game seed: 10881515362928947938

101232 vvokhom the Brawler (level 15, -19/158 HPs)
             Began as a Troll Shapeshifter on Feb 5, 2024.
             Was an Initiate of Gozag.
             Killed by an exploding bloated husk (38 damage)
             ... on level 2 of the Swamp.
             The game lasted 02:09:53 (27920 turns).

vvokhom the Brawler (Troll Shapeshifter)           Turns: 27920, Time: 02:09:54

Health: -19/158    AC: -2    Str: 44    XL:     15   Next: 82%
Magic:  0/14       EV: 12    Int:  6    God:    Gozag
Gold:   1999       SH:  0    Dex:  9    Spells: 13/14 levels left

rFire   + .          .
                       - Unarmed
rCold   + . .        (shield currently unavailable)
rNeg    . . .        g - +1 robe of Dishonesty {rPois rF+}
rPois   +            B - +2 hat
rElec   .            z - scarf {repulsion}
rCorr   .            (gloves unavailable)
SInv    .            (boots unavailable)
Will    ++...        X - amulet of Giyluyto {Spirit rC+ Str+6 Stlth+}
Stlth   +++          H - ring "Yveh" {rPois Will+ Slay+5 Stlth+}
HPRegen 1.26/turn    L - +6 ring of strength
MPRegen 0.14/turn

%: repel missiles, guardian spirit
@: blade hands, corroded, gold aura
A: large, unfitting armour, (claws 3), regeneration 1, shaggy fur 1, tough skin
1
a: Begin Untransformation, Renounce Religion, Potion Petition, Call Merchant,
Bribe Branch


You were on level 2 of the Swamp.
You worshipped Gozag.
Gozag was most pleased with you.
You had blades for hands.
You visited 5 branches of the dungeon, and saw 25 of its levels.
You also visited: Bailey.

You collected 7715 gold pieces.
You spent 2057 gold pieces at shops.
You paid 3659 gold pieces to Gozag.

Inventory:

Missiles
 k - 16 javelins
 n - 4 curare-tipped darts
 o - 9 poisoned darts
 A - 2 throwing nets
 N - 2 silver javelins
 R - 18 boomerangs
 S - 25 large rocks
Armour
 g - the +1 robe of Dishonesty (worn) {rPois rF+}
   (You found it on level 6 of the Dungeon)

   rF+:       It protects you from fire.
   rPois:     It protects you from poison
 w - the scarf "Hero's Friend" {harm, Will+}
   (You bought it in a shop on level 2 of the Orcish Mines)

   Will+:     It increases your willpower.
 z - a scarf of repulsion (worn)
 B - a +2 hat (worn)
Jewellery
 s - a ring of poison resistance
 H - the ring "Yveh" (left blade hand) {rPois Will+ Slay+5 Stlth+}
   (You bought it in a shop on level 10 of the Dungeon)

   [ring of willpower]

   Slay+5:    It affects your accuracy & damage with ranged weapons and melee
   (+5).
   rPois:     It protects you from poison Will+: It increases your willpower.
   Stlth+:    It makes you more stealthy.
 L - a +6 ring of strength (right blade hand)
 M - a ring of flight
 X - the amulet of Giyluyto (around neck) {Spirit rC+ Str+6 Stlth+}
   (You bought it in a shop on level 10 of the Dungeon)

   [amulet of guardian spirit]

   Spirit:    It causes incoming damage to be divided between your reserves of
   health and magic.
   Str+6:     It affects your strength (+6).
   rC+:       It protects you from cold.
   Stlth+:    It makes you more stealthy.
Talismans
 c - a beast talisman
 d - a flux talisman
 r - a maw talisman
 V - a blade talisman (active)
Wands
 h - a wand of polymorph (11)
 i - a wand of iceblast (3)
 E - a wand of acid (4)
 G - a wand of paralysis (1)
 I - a wand of flame (11)
Scrolls
 a - a scroll of identify
 f - 3 scrolls of poison
 j - 6 scrolls of teleportation
 l - 4 scrolls of fog
 t - 4 scrolls of enchant weapon
 v - 2 scrolls of enchant armour
 y - 3 scrolls of revelation
 C - 3 scrolls of torment
 F - 2 scrolls of fear
 J - 2 scrolls of amnesia
 T - 3 scrolls of vulnerability
 Z - a scroll of blinking
Potions
 b - 3 potions of lignification
 e - 8 potions of curing
 m - a potion of brilliance
 p - a potion of cancellation
 q - a potion of magic
 u - 7 potions of attraction
 D - a potion of resistance
 O - 3 potions of enlightenment
 P - a potion of ambrosia
 U - a potion of haste
Miscellaneous
 Q - a condenser vane


   Skills:
 + Level 12.8 Fighting
 - Level 10.0 Dodging
 - Level 18.0 Unarmed Combat
 - Level 2.0 Evocations
 + Level 12.1 Shapeshifting


You had 13 spell levels left.
You knew the following spells:

 Your Spells              Type           Power      Damage    Failure   Level
a - Apportation           Tloc           0%         N/A       45%         1

Your spell library contained the following spells:

 Spells                   Type           Power      Damage    Failure   Level
 Kiss of Death            Conj/Necr      0%         2d5       45%         1
 Magic Dart               Conj           0%         1d3       45%         1
 Necrotise                Necr           0%         1d4       45%         1
 Sting                    Conj/Alch      0%         1d3       45%         1
 Summon Small Mammal      Summ           0%         N/A       45%         1
 Blink                    Tloc           0%         N/A       58%         2
 Call Imp                 Summ           0%         N/A       58%         2
 Mercury Vapours          Alch/Air       0%         N/A       58%         2
 Sublimation of Blood     Necr           0%         N/A       58%         2
 Call Canine Familiar     Summ           0%         N/A       83%         3
 Confusing Touch          Hex            0%         N/A       83%         3
 Frozen Ramparts          Ice            0%         1d1       83%         3
 Fugue of the Fallen      Necr           0%         N/A       83%         3
 Mephitic Cloud           Conj/Alch/Air  0%         N/A       83%         3
 Ozocubu's Armour         Ice            0%         N/A       83%         3
 Stone Arrow              Conj/Erth      0%         3d7       83%         3
 Summon Ice Beast         Ice/Summ       0%         N/A       83%         3
 Tukima's Dance           Hex            0%         N/A       83%         3
 Volatile Blastmotes      Fire/Tloc      0%         2d10      83%         3
 Animate Armour           Summ/Erth      0%         N/A       99%         4
 Dimensional Bullseye     Hex/Tloc       0%         N/A       99%         4
 Dispel Undead            Necr           0%         3d6       99%         4
 Fulminant Prism          Conj/Alch      0%         3d5       99%         4
 Iskenderun's Mystic Bla  Conj/Tloc      0%         2d3       99%         4
 Leda's Liquefaction      Alch/Erth      0%         N/A       99%         4
 Manifold Assault         Tloc           0%         N/A       99%         4
 Olgreb's Toxic Radiance  Alch           0%         N/A       99%         4
 Passage of Golubria      Tloc           0%         N/A       99%         4
 Petrify                  Alch/Erth      0%         N/A       99%         4
 Summon Blazeheart Golem  Fire/Summ      0%         N/A       99%         4
 Vhi's Electric Charge    Tloc/Air       0%         N/A       99%         4
 Arcjolt                  Conj/Air       0%         1d10      100%        5
 Freezing Cloud           Conj/Ice/Air   0%         6-21      100%        5
 Metabolic Englaciation   Hex/Ice        0%         N/A       100%        5
 Summon Mana Viper        Hex/Summ       0%         N/A       100%        5
 Yara's Violent Unravell  Hex/Alch       0%         3d3       100%        5
 Plasma Beam              Fire/Air       0%         2x1d10    100%        6
 Monstrous Menagerie      Summ           0%         N/A       100%        7
 Ozocubu's Refrigeration  Ice            0%         4d7       100%        7
 Summon Hydra             Summ           0%         N/A       100%        7
 Discord                  Hex            0%         N/A       100%        8
 Lehudib's Crystal Spear  Conj/Erth      0%         10d2      100%        8


Dungeon Overview and Level Annotations

Branches:
Dungeon (15/15)            Temple (1/1) D:7            Lair (5/5) D:9
  Swamp (2/4) Lair:2       Spider (0/4) Lair:3        Slime (0/5) Lair:5
    Orc (2/2) D:10            Elf (0/3) Orc:2        Vaults (0/5) D:13
 Depths (0/4) D:15         Bailey (visited)

Altars:
Ashenzari
Cheibriados
Dithmenos
Elyvilon
Fedhas
Gozag
Hepliaklqana
Kikubaaqudgha
Makhleb
Nemelex Xobeh
Okawaru
Qazlal
Ru
Sif Muna
Trog
Uskayaw
Vehumet
Wu Jian
Xom
Yredelemnul
Zin
The Shining One
Jiyva

Shops:
D:6 [   D:10 =?*?   Orc:2 =[??

Annotations:
D:2 Sigmund
D:9 3 runed translucent doors, Jannitor's ghost, novice KoCA
D:12 2 exclusions
Swamp:1 3 runed translucent doors, vasus's ghost, journeyman DsBe


Innate Abilities, Weirdness & Mutations

You have blades for hands.
You are incapable of wielding weapons or throwing items.
You are too large for most types of armour.
((You have claws for hands.))
Your natural rate of healing is unusually fast.
You are covered in fur. (AC +1)
You have tough skin. (AC +1)


Message History

The goliath frog closely misses you.
You slice the spriggan rider!! Your slash misses the spriggan rider.
The spriggan rider is heavily wounded.
The spriggan rider hits you with a +0 spear!!
The goliath frog hits you from afar!!
You are splashed with acid!
The spriggan rider blocks your attack.
The spriggan rider is heavily wounded.
The spriggan rider misses you. The goliath frog hits you from afar!
The acid corrodes you!
You are splashed with acid!
The spriggan rider blocks your attack.
Your slash misses the spriggan rider.
The spriggan rider is heavily wounded.
The spriggan rider blocks your attack.
The spriggan rider is heavily wounded.
The goliath frog hits you from afar!
You are splashed with acid!
The spriggan rider closely misses you.
Press: ? - help, v - describe, . - travel
Here: a spriggan rider, wielding a +0 spear and wearing a +0 buckler (heavily wounded)
The floor, spattered with blood.
Unknown command.
As you read the scroll of teleportation, it crumbles to dust.
You feel strangely unstable. The goliath frog hits you from afar!
The acid corrodes you!
You are splashed with acid!
* * * LOW HITPOINT WARNING * * *
The spriggan rider hits you with a +0 spear!!
* * * LOW HITPOINT WARNING * * *
Blink to where?
Press: ? - help, Dir - move target
As you read the scroll of blinking, it crumbles to dust.
The spriggan throws a stone.
The stone hits you!
* * * LOW HITPOINT WARNING * * *
You enter the shallow water.
Your surroundings suddenly seem different.
Splash! 2 tyrant leeches and a bloated husk come into view.
Found a scroll of identify and a +6 ring of intelligence.
The tyrant leech closely misses you.
The bloated husk explodes!
The blast of putrescent gases engulfs you!!!
You die...
Your body crumbles into a pile of gold.

♣♣♣♣..w
~~~~... ~~~~§~
♣♣ §≈~l~ ~♣♣
#~~~ ~~
#~~~♣.♣♣♣
#≈~.$..♣
#~~@w♣
#≈~~...♣
#~~~..~~~♣
#~~~~~~~§♣ ...
.~~
#~~.?~♣~~.♣
.~~~ ..
~≈~~.~~~~~~=♣
♣.~~♣ .
~~§~♣§~~~.♣♣§♣
♣..~.♣♣♣
........~~♣ §.
♣...♣~( ♣...~~


You could see an alligator and 2 tyrant leeches.

Vanquished Creatures
  Gastronok (D:10)
  An orc warlord (Orc:1)
  A stone giant (D:15)
  A bunyip (Swamp:1)
  Azrael (D:12)
  Josephine (Orc:1)
  A great orb of eyes (Lair:5)
  2 vault guards
  A ghost crab (Swamp:1)
  Erolcha (Orc:1)
  6 hydras
  3 alligators
  3 catoblepae (Lair:5)
  An ogre mage (D:15)
  5 boulder beetles
  7 centaur warriors
  4 tengu warriors
  9 two-headed ogres
  4 death yaks (Lair:5)
  4 orc high priests
  Sonja (D:10)
  Nergalle (D:11)
  4 skeletal warriors (D:11)
  2 spriggan druids
  3 goliath frogs (Swamp:1)
  3 bog bodies (Swamp:1)
  An arcanist (D:12)
  5 deep elf pyromancers
  4 orc knights (Orc:2)
  2 wolf spiders
  5 orc sorcerers
  4 cyclopes
  4 ugly things
  3 manticores
  2 will-o-the-wisps (Swamp:1)
  5 kobold blastminers
  2 black mambas
  7 cane toads
  A rust devil (D:12)
  A torpor snail (Lair:1)
  2 gargoyles (D:12)
  6 komodo dragons
  2 rime drakes
  A kobold demonologist (D:14)
  An ice devil (D:12)
  A tengu conjurer (D:12)
  2 polar bears
  5 tyrant leeches
  Prince Ribbit (Bailey)
  3 trolls
  3 hornets
  2 bloated husks (Swamp:1)
  A hellwing (D:12)
  13 dream sheep
  12 blink frogs
  A jumping spider (Lair:3)
  3 spriggans
  4 wyverns
  10 slime creatures
  2 shadows
  8 wraiths
  A spriggan (shapeshifter) (D:14)
  66 yaks
  6 humans (Bailey)
  A basilisk (Lair:2)
  2 fire elementals (D:12)
  6 wargs
  3 redbacks (Lair:3)
  7 vampire mosquitoes
  2 neqoxecs (D:12)
  6 swamp worms
  13 water moccasins
  A black bear (D:6)
  2 hell hounds (D:12)
  21 orc warriors
  2 ice beasts
  3 sky beasts (D:6)
  2 laughing skulls (D:14)
  A wolf (shapeshifter) (D:13)
  26 wolves
  4 ogres
  13 centaurs
  A phantom (D:7)
  2 kobold brigands (D:9)
  11 bullfrogs
  A scorpion (D:5)
  17 wights
  20 killer bees
  4 crimson imps (D:3)
  8 howler monkeys
  3 hounds
  23 orc priests
  A gnoll bouda (D:7)
  2 iguanas
  A sleepcap (D:8)
  21 orc wizards
  6 gnolls
  9 adders
  3 shadow imps
  2 white imps
  2 ufetubi (D:6)
  4 dart slugs (D:1)
  A ribbon worm (D:3)
  61 orcs
  7 ball pythons
  4 endoplasms
  3 giant cockroaches
  11 goblins
  13 hobgoblins
  5 quokkas
  7 bats
  3 frilled lizards (D:3)
  12 kobolds
  4 rats
660 creatures vanquished.

Vanquished Creatures (collateral kills)
  An ugly thing (D:12)
1 creature vanquished.

Vanquished Creatures (others)
  3 bloated husks
  An orc (Orc:1)
  6 foxfires (Swamp:1)
10 creatures vanquished.

Grand Total: 671 creatures vanquished

Notes
Turn   | Place    | Note
-------+----------+-------------------------------------------
     0 | D:1      | vvokhom the Troll Shapeshifter began the quest for the Orb.
     0 | D:1      | Reached XP level 1. HP: 18/18 MP: 0/0
     3 | D:1      | Noticed an electric eel
     4 | D:1      | Noticed an electric eel
    26 | D:1      | Reached skill level 1 in Fighting
    94 | D:1      | Reached XP level 2. HP: 27/27 MP: 1/1
   170 | D:1      | You fall into a shaft and drop 1 floor!
   216 | D:2      | Reached XP level 3. HP: 33/33 MP: 2/2
   878 | D:2      | Noticed Sigmund
  1373 | D:3      | Found a snail-covered altar of Cheibriados.
  1382 | D:3      | Reached XP level 4. HP: 42/42 MP: 3/3
  1716 | D:3      | Reached skill level 4 in Unarmed Combat
  1716 | D:3      | Reached XP level 5. HP: 46/49 MP: 4/4
  1734 | D:3      | Found a shimmering altar of Xom.
  1817 | D:3      | Found a blossoming altar of Fedhas.
  1868 | D:3      | Found a hide-covered altar of Uskayaw.
  2359 | D:4      | Found an ancient bone altar of Kikubaaqudgha.
  2405 | D:4      | Reached XP level 6. HP: 56/57 MP: 5/5
  3222 | D:5      | Entered Level 5 of the Dungeon
  3345 | D:5      | Found a burning altar of Makhleb.
  3345 | D:5      | Noticed an Executioner
  3348 | D:5      | Noticed a hellwing
  3348 | D:5      | Noticed an orange demon
  3388 | D:5      | Found a bloodstained altar of Trog.
  3526 | D:5      | Reached skill level 5 in Unarmed Combat
  3803 | D:6      | Reached XP level 7. HP: 66/66 MP: 6/6
  3984 | D:6      | Reached skill level 5 in Shapeshifting
  4119 | D:6      | Identified the +1 robe of Dishonesty {rPois rF+}
  4181 | D:6      | Found Aloewaur's Armour Boutique.
  4317 | D:6      | Reached skill level 6 in Unarmed Combat
  4317 | D:6      | Reached XP level 8. HP: 72/75 MP: 7/7
  4356 | D:6      | Found a sacrificial altar of Ru.
  4848 | D:7      | Reached skill level 7 in Unarmed Combat
  4863 | D:7      | Found a staircase to the Ecumenical Temple.
  4879 | Temple   | Entered the Ecumenical Temple
  4909 | Temple   | Became a worshipper of Gozag Ym Sagoz the Greedy
  5140 | D:7      | Reached XP level 9. HP: 50/84 MP: 8/8
  5698 | D:8      | Reached skill level 8 in Unarmed Combat
  6478 | D:9      | Reached skill level 5 in Dodging
  6487 | D:9      | Found a staircase to the Lair.
  6505 | D:9      | Noticed a two-headed ogre
  6513 | D:9      | Killed a two-headed ogre
  6514 | D:9      | Reached XP level 10. HP: 94/94 MP: 9/9
  6555 | D:9      | Found a glowing silver altar of Zin.
  6574 | D:9      | Reached skill level 9 in Unarmed Combat
  6590 | D:9      | Found a runed translucent gate.
  6590 | D:9      | Found a runed translucent gate.
  6595 | D:9      | Identified the +7 chain mail "Togieliz" {Str+4 Dex+8}
  6596 | D:9      | Found a runed translucent gate.
  6596 | D:9      | Noticed Jannitor's ghost (novice KoCA)
  6626 | D:9      | Reached skill level 5 in Fighting
  6696 | D:9      | Found a flagged portal.
  6750 | Bailey   | Entered a bailey
  7050 | Bailey   | Noticed Prince Ribbit
  7050 | Bailey   | Noticed a vault guard
  7073 | Bailey   | Killed Prince Ribbit
  7092 | Bailey   | Killed a vault guard
  7093 | Bailey   | Reached skill level 10 in Unarmed Combat
  7151 | Bailey   | Noticed a vault guard
  7215 | D:9      | Found a sparkling altar of Nemelex Xobeh.
  7788 | Lair:1   | Entered Level 1 of the Lair of Beasts
  8017 | D:10     | Entered Level 10 of the Dungeon
  8027 | D:9      | Reached XP level 11. HP: 102/105 MP: 10/10
  8112 | D:10     | Noticed Gastronok
  8135 | D:10     | Killed Gastronok
  8348 | D:10     | Reached skill level 10 in Shapeshifting
  8510 | D:10     | Found a radiant altar of Vehumet.
  8574 | D:10     | Found a hazy altar of Hepliaklqana.
  8611 | D:10     | Found a staircase to the Orcish Mines.
  8664 | D:10     | Reached skill level 11 in Unarmed Combat
  9895 | Lair:2   | Reached skill level 12 in Unarmed Combat
 10076 | Lair:2   | Found a staircase to the Swamp.
 10209 | Lair:2   | Noticed a wolf spider
 10223 | Lair:2   | Killed a wolf spider
 10277 | Lair:2   | Reached XP level 12. HP: 51/118 MP: 11/11
 11013 | Lair:3   | Reached skill level 13 in Unarmed Combat
 11066 | Lair:3   | Found a hole to the Spider Nest.
 11513 | Lair:3   | You fall into a shaft and drop 1 floor!
 11526 | Lair:4   | Reached skill level 14 in Unarmed Combat
 11732 | Lair:4   | Noticed a six-headed hydra
 11738 | Lair:4   | Noticed a boulder beetle
 11755 | Lair:4   | Killed an eight-headed hydra
 11759 | Lair:4   | Killed a boulder beetle
 12868 | Lair:4   | Reached XP level 13. HP: 113/128 MP: 12/12
 13951 | Lair:5   | Entered Level 5 of the Lair of Beasts
 14226 | D:11     | Reached skill level 15 in Unarmed Combat
 14573 | D:11     | Noticed Nergalle
 14582 | D:11     | Killed Nergalle
 15306 | D:12     | Noticed Azrael
 15349 | D:12     | Killed Azrael
 15951 | Orc:1    | Entered Level 1 of the Orcish Mines
 15999 | D:10     | Bought a scroll of identify for 30 gold pieces
 15999 | D:10     | Bought 2 scrolls of noise for 30 gold pieces
 16007 | D:10     | Bought the ring "Yveh" {rPois Will+ Slay+5 Stlth+} for 780
                  | gold pieces
 16014 | Orc:1    | Noticed Sonja
 16321 | D:12     | Reached skill level 16 in Unarmed Combat
 16887 | D:13     | Reached skill level 10 in Fighting
 17427 | D:13     | Reached XP level 14. HP: 132/143 MP: 13/13
 17472 | D:13     | Found a gate to the Vaults.
 18034 | D:14     | Reached skill level 17 in Unarmed Combat
 18363 | D:14     | Learned a level 1 spell: Apportation
 18888 | D:15     | Entered Level 15 of the Dungeon
 19778 | D:10     | Bought the amulet of Giyluyto {Spirit rC+ Str+6 Stlth+} for
                  | 772 gold pieces
 20627 | D:15     | Found a staircase to the Depths.
 20627 | D:15     | Noticed a stone giant
 20632 | D:15     | Killed a stone giant
 20908 | D:10     | Reached skill level 18 in Unarmed Combat
 21936 | Lair:5   | Found a viscous altar of Jiyva.
 21936 | Lair:5   | Found a staircase to the Slime Pits.
 22790 | Lair:5   | Reached XP level 15. HP: 107/154 MP: 9/14
 23198 | D:10     | Killed Sonja
 23213 | D:10     | Bought a scroll of fear for 80 gold pieces
 23266 | Orc:1    | Noticed Josephine
 23272 | Orc:1    | Killed Josephine
 23455 | Orc:2    | Entered Level 2 of the Orcish Mines
 23781 | Orc:1    | Reached skill level 1 in Evocations
 24069 | Orc:1    | Noticed Erolcha
 24080 | Orc:1    | Killed Erolcha
 24465 | Orc:2    | Found a staircase to the Elven Halls.
 25387 | Orc:2    | Found Desomeod's Jewellery Shop.
 25392 | Orc:2    | Found Aji Ekli's Magic Scroll Emporium.
 25399 | Orc:2    | Found Enwugg's Magic Scroll Emporium.
 25401 | Orc:2    | Found Qonk's Antique Armour Shop.
 25407 | Orc:2    | Bought a scroll of blinking for 105 gold pieces
 25410 | Orc:2    | Bought a warped scarf for 260 gold pieces
 25410 | Orc:2    | Identified the scarf "Hero's Friend" {harm, Will+} (You
                  | bought it in a shop on level 2 of the Orcish Mines)
 25732 | Swamp:1  | Entered Level 1 of the Swamp
 25873 | Swamp:1  | Found a runed translucent gate.
 25873 | Swamp:1  | Found a runed translucent gate.
 25873 | Swamp:1  | Found a runed translucent gate.
 25874 | Swamp:1  | Noticed vasus's ghost (journeyman DsBe)
 26105 | Swamp:1  | HP: 10/234 [swamp worm/harpoon shot (11)]
 26422 | Swamp:1  | Reached skill level 10 in Dodging
 27920 | Swamp:2  | Killed by an exploding bloated husk

Illustrated notes

Levels and vault maps discovered:
D:1:      arrival_aquarium_b, layout_rooms
D:2:      layout_basic, minmay_quadrilaterals, uniq_sigmund
D:3:      layout_loops_ring, mainiacjoe_overflow_paths,
          nicolae_overflow_crystal_walls, mainiacjoe_overflow_tiny_flanked,
          led_xom_imps
D:4:      layout_basic, overflow_temple_1_default
D:5:      layout_cave_pools, makhleb_altar_promises_db,
          trog_three_pillars_becter
D:6:      layout_basic, nicolae_ru_the_path_less_chosen, nicolae_stop_n_shop_1,
          minmay_pentangle
D:7:      layout_loops_ring, minmay_temple_entry_offerings
D:8:      layout_gridville, st_stairs_4
D:9:      layout_roguey, mainiacjoe_overflow_small_starburst, zin_scriptorium,
          erik_lair_orcish_takeover, enter_bailey_3, biasface_ghost_orc_armoury
D:10:     layout_irregular_city, nicolae_vehumet_radiance,
          nzn_hepliaklqana_mist_gate, minmay_orc_entry_guard_dogs, hex_tiny,
          uniq_gastronok
D:11:     nicolae_cairo_tiling_large, layout_gridville, uniq_nergalle
D:12:     layout_rooms, nicolae_neqoxec_dot_bat, uniq_azrael
D:13:     layout_small_grid, david_vaults_5
D:14:     layout_gridville, minmay_tree_intersection
D:15:     grunt_enter_depths_snipers, layout_gridville, serial_glass,
          glass_columns_a, glass_columns_b, corexii_hall_statues_l
Temple:   jpeg_temple_alley_garden
Lair:1:   layout_layer_cave
Lair:2:   layout_regular_city, swamp_mist_pool, chequers_serial_rivers_large_a,
          nicolae_lair_run_with_the_wolves, lemuel_fruit_tree,
          infiniplex_staircase_pool_2
Lair:3:   layout_misc_corridors, spider_nest_entry_a
Lair:4:   layout_layer_cave, nzn_sisyphean_effort
Lair:5:   evilmike_catoblepas_cave, layout_hall_layers, dpeg_slime_entry_corner
Swamp:1:  layout_basic_swamp, gammafunk_ghost_hydra_chop,
          evilmike_swamp_ruin_wall, hangedman_swamp_lotus,
          nicolae_swamp_tree_isthmus
Swamp:2:  layout_falls_marsh, hangedman_swamp_ruin_wall, swamp_pool_1_2,
          worms_lemuel, infiniplex_staircase_pool
Orc:1:    layout_diamond_mine, kennysheep_orc_chapel, uniq_erolcha, uniq_sonja,
          uniq_josephine
Orc:2:    st_orc_elflike, layout_caves, nicolae_orc_tapped_out

Skill      XL: |  1  2  3  4  5  6  7  8  9 10 11 12 13 14 15 |
---------------+----------------------------------------------+-----
Fighting       | 1 2 3 4 5 7 8 10 11 12 | 12.8
Dodging        | 2 3 4 5 6 7 8 10 | 10.0
Unarmed Combat | 4 5 6 7 8 10 12 14 16 18 | 18.0
Shapeshifting  | 4 5 6 8 9 10 11 12 | 12.1
Evocations     | 2 |  2.0

Action                     |  1- 3 |  4- 6 |  7- 9 | 10-12 | 13-15 || total
---------------------------+-------+-------+-------+-------+-------++-------
  Melee: Unarmed           |    74 |   117 |   213 |   594 |   926 ||  1924
         Punch             |     1 |     5 |     9 |    18 |    42 ||    75
  Throw: Dart              |     1 |    13 |    15 |    40 |    29 ||    98
         Throwing net      |       |       |     3 |     1 |     1 ||     5
         Boomerang         |       |       |       |       |    24 ||    24
         Javelin           |       |       |       |       |     1 ||     1
   Cast: Apportation       |       |       |       |       |     2 ||     2
 Invoke: Call Merchant     |       |       |       |       |     4 ||     4
         Potion Petition   |       |       |       |       |     1 ||     1
  Evoke: Wand              |       |       |     1 |    16 |    33 ||    50
         Condenser vane    |       |       |       |       |     1 ||     1
    Use: Scroll            |       |     7 |     4 |    15 |    15 ||    41
         Potion            |       |       |       |     4 |     7 ||    11
   Stab: Held in net/web   |       |       |     1 |       |       ||     1
         Distracted        |       |       |     1 |       |     4 ||     5
         Paralysed         |       |       |       |     2 |     2 ||     4
         Petrified         |       |       |       |       |     1 ||     1
         Sleeping          |       |       |       |       |     1 ||     1
 Armour: Animal skin       |    40 |    68 |    16 |       |       ||   124
         Robe              |       |       |    97 |   258 |   334 ||   689
         Skin              |       |       |       |    69 |   333 ||   402
  Dodge: Dodged            |    41 |    35 |    83 |   250 |   471 ||   880
         Repelled          |       |       |       |       |     7 ||     7
   Form: Beast             |       |     1 |       |     5 |     2 ||     8
         Flux              |       |       |       |     3 |     4 ||     7
                           |       |       |       |     2 |       ||     2
         Maw               |       |       |       |     1 |       ||     1
         Blade             |       |       |       |       |     3 ||     3
